 Dungeon Crawl Stone Soup version 0.31-a0-167-g1c394c0614 (webtiles) character file.

Game seed: 11184765122601253155

1281 qw the Cleaver (level 8, -7/51 HPs)
             Began as a Gargoyle Fighter on June 14, 2023.
             Mangled by a wight
             ... wielding a +2 halberd of freezing
              (12 damage)
             ... on level 6 of the Dungeon.
             The game lasted 00:02:55 (4938 turns).

qw the Cleaver (Gargoyle Fighter)                   Turns: 4938, Time: 00:02:56

Health: -7/51      AC: 21    Str: 22    XL:     8   Next: 54%
Magic:  8/8        EV: 11    Int:  9    God:
Gold:   158        SH:  4    Dex:  9    Spells: 7/7 levels left

rFire   . . .        Y - +0 war axe
rCold   . . .        c - +0 buckler
rNeg    + . .        f - +1 plate armour
rPois   inf          (no helmet)
rElec   +            (no cloak)
rCorr   +            (no gloves)
SInv    .            l - +2 pair of boots
Will    .....        (no amulet) Stlth
                     n - ring of resist corrosion
HPRegen 0.28/turn    o - +5 ring of evasion
MPRegen 0.11/turn

%: no passive effects
@: about to teleport
A: sickness immunity, AC +5, negative energy resistance 1, electricity
resistance, torment resistance 1, petrification resistance
a: no special abilities


You were on level 6 of the Dungeon.
You visited 1 branch of the dungeon, and saw 6 of its levels.

You collected 275 gold pieces.
You spent 117 gold pieces at shops.


Innate Abilities, Weirdness & Mutations

You are immune to sickness and miasma.
Your stone body is resilient. (AC +5)
You are immune to poison.
You resist negative energy. (rN+)
You are resistant to electric shocks. (rElec)
You are resistant to unholy torment.
You are immune to petrification.


   Skills:
 + Level 5.9 Fighting
 - Level 8.0 Axes
 - Level 4.2 Armour
 - Level 1.0 Dodging
 - Level 3.2 Shields


You had 7 spell levels left.
You didn't know any spells.
Your spell library was empty.

Inventory:

Hand Weapons
 p - a +0 heavy flail
 Y - a +0 war axe (weapon)
Armour
 c - a +0 buckler (worn)
 f - a +1 plate armour (worn)
 i - a +0 kite shield
 l - a +2 pair of boots (worn)
Jewellery
 h - a ring of see invisible
 n - a ring of resist corrosion (left hand)
 o - a +5 ring of evasion (right hand)
Scrolls
 j - 2 scrolls of teleportation
 k - a scroll of identify
Potions
 a - 2 potions of heal wounds {unknown}
 b - a potion of mutation
 d - a potion of might
 e - a potion of attraction
 g - a potion of haste {unknown}
 m - 2 potions of invisibility {unknown}

Dungeon Overview and Level Annotations

Branches:
Dungeon (6/15)             Temple (0/1) D:6

Altars:
Ashenzari
Nemelex Xobeh
Qazlal
Ru
Xom
The Shining One

Shops:
D:1 =(   D:3 ?*(


Message History

The wight hits you with a +2 halberd of freezing.
The wight freezes you.
You slash the wight!
The wight is heavily damaged.
The wight misses you. The wight closely misses you.
The wight barely misses you. The wight misses you.
You hit the wight but do no damage.
The wight is heavily damaged.
The wight hits you but does no damage. The wight barely misses you.
You hit the wight.
The wight is severely damaged.
The wight hits you but does no damage.
The wight hits you with a +2 halberd of freezing!
The wight freezes you.
You barely miss the wight.
The wight is severely damaged.
The wight hits you but does no damage.
The wight hits you with a +2 halberd of freezing.
The wight freezes you.
You hit the wight but do no damage.
The wight is severely damaged.
The wight hits you but does no damage.
The wight hits you with a +2 halberd of freezing.
The wight freezes you.
You hit the wight but do no damage.
The wight is severely damaged.
The wight hits you from afar with a +0 spear!
The wight hits you with a +2 halberd of freezing!
The wight freezes you.
4937 ||| READING 3 scrolls of teleportation.
As you read the scroll of teleportation, it crumbles to dust.
You feel strangely unstable. You block the wight's attack.
The wight hits you with a +2 halberd of freezing.
The wight freezes you.
You hit the wight.
The wight is severely damaged.
The wight hits you but does no damage.
The wight hits you with a +2 halberd of freezing!
You die...

###### # #######
## ##.....# .##
#######...####
).###.......).#
#......##.....##
#....#####.###.##
..)..# #.# ##.##
.)...# #.# ##@#
#....# #.# ##z#
##...# #.# z.#
.....## #.# ...#
......# .## .#.#
..###....# ...#
.## #..[# .> # ##
..## ). # ..#


You could see 2 wights.

Vanquished Creatures
  Sigmund (D:6)
  A black bear (D:4)
  An ogre (D:5)
  2 scorpions
  A wight (D:6)
  3 orc priests
  4 hounds
  A gnoll bouda (D:5)
  3 iguanas (D:5)
  2 sleepcaps
  6 orc wizards
  7 adders
  5 gnolls (D:5)
  A white imp (D:5)
  2 worms
  2 dart slugs
  26 orcs
  10 endoplasms
  3 giant cockroaches
  7 goblins
  2 hobgoblins
  8 jackals
  4 quokkas
  9 ball pythons
  4 bats
  3 frilled lizards
  4 kobolds
  6 rats
128 creatures vanquished.

Notes
Turn   | Place    | Note
-------+----------+-------------------------------------------
     0 | D:1      | qw the Gargoyle Fighter began the quest for the Orb.
     0 | D:1      | Reached XP level 1. HP: 14/14 MP: 1/1
     0 | D:1      | 0 ||| qw: Version: 0.2-a-29-g1fa15c8
     0 | D:1      | 0 ||| qw: Game counter: 4915
     0 | D:1      | 0 ||| qw: Always use a shield: true
     0 | D:1      | 0 ||| qw: God list: Okawaru
     0 | D:1      | 0 ||| qw: Allow faded altars: false
     0 | D:1      | 0 ||| qw: Do Orc after D:15 true
     0 | D:1      | 0 ||| qw: Do second Lair branch before Depths: true
     0 | D:1      | 0 ||| qw: Lair rune preference: random
     0 | D:1      | 0 ||| qw: Plans: Normal, Zot:1-4, Slime:5, God:TSO, Crypt,
                  | Tomb, Abyss, Pan, Hells, Win
     0 | D:1      | 0 ||| PLANNING D:1-11
    26 | D:1      | Found Hapli's Weapon Boutique.
    49 | D:1      | Reached skill level 2 in Axes
   129 | D:1      | Found Pelainwo's Jewellery Boutique.
   146 | D:1      | Reached XP level 2. HP: 11/19 MP: 2/2
   183 | D:1      | 183 ||| SHOPLISTING +4 ring of protection (396 gold, have
                  | 4).
   183 | D:1      | 183 ||| SHOPLISTING +5 ring of evasion (396 gold, have 4).
   183 | D:1      | 183 ||| SHOPLISTING +6 ring of dexterity (396 gold, have
                  | 4).
   183 | D:1      | 183 ||| SHOPLISTING ring of protection from fire (275 gold,
                  | have 4).
   183 | D:1      | 183 ||| SHOPLISTING ring of see invisible (165 gold, have
                  | 4).
   251 | D:1      | 251 ||| Stepping ~*~*~tactically~*~*~ (stealth).
   365 | D:1      | 365 ||| Stepping ~*~*~tactically~*~*~ (stealth).
   376 | D:1      | Reached skill level 3 in Axes
   380 | D:1      | Reached XP level 3. HP: 21/23 MP: 3/3
   414 | D:1      | 414 ||| DROPPING +0 club.
   518 | D:1      | 518 ||| UPGRADING to +0 chain mail.
   528 | D:1      | 528 ||| DROPPING +0 scale mail.
   529 | D:1      | 529 ||| READING scroll labelled SAMYAV UCO.
   533 | D:1      | 533 ||| READING scroll labelled QOFROY JEYNEAT.
   534 | D:1      | 534 ||| READING scroll labelled KIFEIGG BUOVIA.
   535 | D:1      | 535 ||| DRINKING 3 puce potions.
   932 | D:2      | Reached XP level 4. HP: 26/28 MP: 4/4
  1149 | D:2      | 1149 ||| DROPPING orb of guile.
  1273 | D:3      | Reached skill level 4 in Axes
  1280 | D:3      | Found Dezoog's Magic Scroll Shoppe.
  1287 | D:3      | 1287 ||| SHOPLISTING scroll of acquirement (676 gold, have
                  | 122).
  1287 | D:3      | 1287 ||| BUYING scroll of identify (26 gold).
  1287 | D:3      | Bought a scroll of identify for 26 gold pieces
  1287 | D:3      | 1287 ||| BUYING scroll of identify (26 gold).
  1287 | D:3      | Bought a scroll of identify for 26 gold pieces
  1287 | D:3      | 1287 ||| BUYING scroll of identify (26 gold).
  1287 | D:3      | Bought a scroll of identify for 26 gold pieces
  1287 | D:3      | 1287 ||| BUYING scroll of teleportation (39 gold).
  1287 | D:3      | Bought a scroll of teleportation for 39 gold pieces
  1287 | D:3      | 1287 ||| SHOPLISTING scroll of teleportation (39 gold, have
                  | 5).
  1438 | D:3      | Found a glowing golden altar of the Shining One.
  1470 | D:3      | 1470 ||| Stepping ~*~*~tactically~*~*~ (stealth).
  1489 | D:3      | 1489 ||| DROPPING +0 whip.
  1554 | D:3      | Found Jigogra's Weapon Shop.
  1561 | D:3      | 1561 ||| SHOPLISTING +0 flail (49 gold, have 17).
  1561 | D:3      | 1561 ||| SHOPLISTING +5 demon whip "Spellbinder"
                  | {antimagic, disrupt, Will+} (1156 gold, have 17).
  1722 | D:3      | Found Eta Pulu's General Store.
  1726 | D:3      | 1726 ||| SHOPLISTING +2 morningstar of protection (235
                  | gold, have 17).
  1726 | D:3      | 1726 ||| SHOPLISTING scroll of identify (28 gold, have 17).
  1894 | D:3      | 1894 ||| UPGRADING to +2 pair of boots.
  1899 | D:3      | 1899 ||| UPGRADING to ring of resist corrosion.
  1900 | D:3      | 1900 ||| READING scroll labelled WASTICUNUMM.
  1901 | D:3      | 1901 ||| READING scroll labelled DIUGUBR URAEG.
  1902 | D:3      | 1902 ||| READING scroll labelled GAFEES FANGU.
  1903 | D:3      | 1903 ||| DRINKING 2 grey potions.
  1904 | D:3      | 1904 ||| READING 3 scrolls of identify.
  1904 | D:3      | 1904 ||| IDENTIFYING fizzy dark potion
  1905 | D:3      | 1905 ||| READING 2 scrolls of identify.
  1905 | D:3      | 1905 ||| IDENTIFYING purple potion
  1906 | D:3      | 1906 ||| DROPPING potion of brilliance.
  2018 | D:4      | Found a shimmering altar of Xom.
  2049 | D:4      | Noticed a scorpion
  2072 | D:4      | Killed a scorpion
  2073 | D:4      | Reached skill level 5 in Axes
  2073 | D:4      | Reached XP level 5. HP: 25/32 MP: 5/5
  2263 | D:4      | Found a broken altar of Ashenzari.
  2450 | D:4      | Noticed a black bear
  2456 | D:4      | Killed a black bear
  2457 | D:4      | Reached XP level 6. HP: 38/39 MP: 6/6
  2677 | D:4      | Found a sparkling altar of Nemelex Xobeh.
  2683 | D:4      | 2683 ||| UPGRADING to +0 plate armour.
  2693 | D:4      | 2693 ||| DROPPING +0 chain mail.
  2740 | D:5      | Entered Level 5 of the Dungeon
  2741 | D:5      | 2741 ||| PLANNING SEWER
  2748 | D:5      | 2748 ||| STAIRDANCE
  2784 | D:5      | 2784 ||| STAIRDANCE
  2943 | D:5      | 2943 ||| Stepping ~*~*~tactically~*~*~ (stealth).
  2945 | D:5      | 2945 ||| Stepping ~*~*~tactically~*~*~ (hiding).
  2988 | D:5      | 2988 ||| FLEEEEING.
  2995 | D:5      | 2995 ||| FLEEEEING.
  2996 | D:5      | 2996 ||| FLEEEEING.
  2997 | D:5      | 2997 ||| STAIRDANCE
  3022 | D:5      | 3022 ||| Stepping ~*~*~tactically~*~*~ (hiding).
  3100 | D:5      | Reached skill level 6 in Axes
  3100 | D:5      | Reached XP level 7. HP: 36/44 MP: 7/7
  3128 | D:5      | 3128 ||| DROPPING +0 mace.
  3142 | D:5      | 3142 ||| READING scroll of enchant armour.
  3142 | D:5      | 3142 ||| ENCHANTING +0 plate armour.
  3239 | D:5      | 3239 ||| Stepping ~*~*~tactically~*~*~ (hiding).
  3258 | D:5      | HP: 11/44 [orc priest/divine providence (16)]
  3259 | D:5      | 3259 ||| READING 4 scrolls of teleportation.
  3319 | D:5      | 3319 ||| Stepping ~*~*~tactically~*~*~ (stealth).
  3320 | D:5      | 3320 ||| Stepping ~*~*~tactically~*~*~ (stealth).
  3370 | D:5      | 3370 ||| RIP SEWER
  3392 | D:5      | 3392 ||| PLANNING D:1-11
  3401 | D:5      | 3401 ||| Stepping ~*~*~tactically~*~*~ (stealth).
  3406 | D:5      | 3406 ||| Stepping ~*~*~tactically~*~*~ (hiding).
  3427 | D:5      | 3427 ||| DRINKING 3 potions of curing.
  3427 | D:5      | 3427 ||| (to cure confusion)
  3457 | D:5      | Found a sacrificial altar of Ru.
  3458 | D:5      | 3458 ||| Stepping ~*~*~tactically~*~*~ (stealth).
  3460 | D:5      | 3460 ||| Stepping ~*~*~tactically~*~*~ (stealth).
  3515 | D:5      | Reached skill level 7 in Axes
  3527 | D:5      | 3527 ||| FLEEEEING.
  3528 | D:5      | 3528 ||| FLEEEEING.
  3529 | D:5      | 3529 ||| FLEEEEING.
  3530 | D:5      | 3530 ||| FLEEEEING.
  3531 | D:5      | 3531 ||| FLEEEEING.
  3532 | D:5      | 3532 ||| FLEEEEING.
  3533 | D:5      | 3533 ||| FLEEEEING.
  3534 | D:5      | 3534 ||| FLEEEEING.
  3535 | D:5      | 3535 ||| FLEEEEING.
  3536 | D:5      | 3536 ||| FLEEEEING.
  3734 | D:5      | 3734 ||| Stepping ~*~*~tactically~*~*~ (hiding).
  3738 | D:5      | 3738 ||| Stepping ~*~*~tactically~*~*~ (hiding).
  3743 | D:5      | Reached skill level 1 in Dodging
  3743 | D:5      | Reached XP level 8. HP: 41/49 MP: 8/8
  3745 | D:5      | HP: 7/49 [orc priest/divine providence (12)]
  3746 | D:5      | 3746 ||| READING 3 scrolls of teleportation.
  3768 | D:5      | 3768 ||| FLEEEEING.
  3769 | D:5      | 3769 ||| FLEEEEING.
  3770 | D:5      | 3770 ||| FLEEEEING.
  3771 | D:5      | 3771 ||| FLEEEEING.
  3772 | D:5      | 3772 ||| FLEEEEING.
  3778 | D:5      | 3778 ||| FLEEEEING.
  3779 | D:5      | 3779 ||| FLEEEEING.
  3780 | D:5      | 3780 ||| FLEEEEING.
  3781 | D:5      | 3781 ||| STAIRDANCE
  3894 | D:4      | 3894 ||| READING scroll labelled GUT XURUMUSOWN.
  3997 | D:5      | Found a stormy altar of Qazlal.
  4060 | D:5      | 4060 ||| UPGRADING to +5 ring of evasion.
  4180 | D:6      | Noticed Sigmund
  4223 | D:6      | 4223 ||| DRINKING 2 potions of curing.
  4223 | D:6      | 4223 ||| (to cure confusion)
  4237 | D:6      | Killed Sigmund
  4267 | D:6      | 4267 ||| DROPPING +0 flail.
  4438 | D:6      | 4438 ||| Stepping ~*~*~tactically~*~*~ (hiding).
  4445 | D:6      | Reached skill level 8 in Axes
  4506 | D:6      | 4506 ||| Stepping ~*~*~tactically~*~*~ (hiding).
  4507 | D:6      | 4507 ||| Stepping ~*~*~tactically~*~*~ (hiding).
  4513 | D:6      | 4513 ||| DRINKING potion of curing.
  4513 | D:6      | 4513 ||| (to cure confusion)
  4928 | D:6      | Found a staircase to the Ecumenical Temple.
  4929 | D:6      | 4929 ||| PLANNING TEMPLE
  4936 | D:6      | HP: 11/51 [wight/+2 halberd of freezing (12)]
  4937 | D:6      | 4937 ||| READING 3 scrolls of teleportation.
  4937 | D:6      | HP: 5/51 [wight/+2 halberd of freezing (1)]
  4938 | D:6      | Mangled by a wight

Levels and vault maps discovered:
D:1:      dpeg_arrival_rhombus, layout_rooms, serial_shops, shop_statue, shop
D:2:      layout_basic
D:3:      layout_basic, tso_oasis_becter, serial_shops, shop, shop,
          nicolae_shop_back_alley_shop, minmay_misc_feat_x
D:4:      layout_gridville, mainiacjoe_overflow_alcove_4,
          mainiacjoe_overflow_big_doors, grunt_ministairs_5
D:5:      layout_rooms, nicolae_ru_great_annihilating_truth,
          mainiacjoe_overflow_cross_hatched, portal_sewer_entry_b
D:6:      layout_layer_cave, minmay_temple_entry_offerings, uniq_sigmund

Skill      XL: |  1  2  3  4  5  6  7  8 |
---------------+-------------------------+-----
Axes           | 2 3 5 6 7 8 |  8.0
Fighting       | 4 5 |  5.9
Armour         | 4 |  4.2
Dodging        | 1 |  1.0
Shields        | |  3.2

Action                     |  1- 3 |  4- 6 |  7- 9 || total
---------------------------+-------+-------+-------++-------
  Melee: War axe           |   105 |   166 |   188 ||   459
  Throw: Boomerang         |       |       |     2 ||     2
    Use: Scroll            |     3 |     5 |     5 ||    13
         Potion            |     1 |     1 |     3 ||     5
   Stab: Paralysed         |       |       |     1 ||     1
 Armour: Scale mail        |    34 |       |       ||    34
         Chain mail        |    30 |    74 |       ||   104
         Plate armour      |       |    48 |   130 ||   178
  Dodge: Dodged            |    52 |    54 |    75 ||   181
  Block: Buckler           |    17 |    30 |    34 ||    81

Table legend:
 A = Non-vault XP
 B = Vault XP
 C = Vault XP percentage of total XP
 D = Non-vault monster count
 E = Vault monster count
 F = Vault count percentage of total count
                 A         B        C        D         E       F
            +---------+---------+-------+---------+---------+-------
      Total |    1574 |     257 |  14.0 |     116 |      12 |   9.4
            +---------+---------+-------+---------+---------+-------
        D:1 |      40 |       0 |   0.0 |      23 |       0 |   0.0
        D:2 |      46 |       0 |   0.0 |      17 |       0 |   0.0
        D:3 |      29 |       0 |   0.0 |      10 |       0 |   0.0
        D:4 |     356 |      13 |   3.5 |      14 |       1 |   6.7
        D:5 |     800 |      13 |   1.6 |      31 |      10 |  24.4
        D:6 |     303 |     231 |  43.3 |      21 |       1 |   4.5
            +---------+---------+-------+---------+---------+-------
